 Dungeon Crawl Stone Soup version 0.30.0-29-ga12c61a403 (webtiles) character file.

Game seed: 14832678615216183403

5157 safid the Frost Mage (level 10, -10/112 (124) HPs)
             Began as a Merfolk Ice Elementalist on June 22, 2023.
             Mangled by a wight
             ... wielding a +0 great sword
              (14 damage)
             ... on level 8 of the Dungeon.
             The game lasted 00:22:27 (9079 turns).

safid the Frost Mage (Merfolk Ice Elementalist)     Turns: 9079, Time: 00:22:27

HP:   -10/112 (124) AC: 33    Str: 10    XL:     10   Next: 59%
MP:   8/22          EV:  2    Int: 18    God:
Gold: 519           SH:  0    Dex: 14    Spells: 18/25 levels left

rFire   . . .        x - +5 short sword of the Grave {venom, Will+}
rCold   . . .        (no shield)
rNeg    . . .        a - melded +0 robe
rPois   +            z - melded +1 helmet
rElec   .            (cloak currently unavailable)
rCorr   .            B - melded +0 pair of gloves
SInv    +            (boots currently unavailable)
Will    +....        e - amulet of regeneration
Stlth   ++           j - ring of see invisible
HPRegen 1.18/turn    (no ring)
MPRegen 0.18/turn

%: no passive effects
@: ice-armoured, tree-form, studying Polearms, drained
A: stationary, stasis, torment immunity, boosted hp, (nimble swimmer 2),
(mertail)
a: no special abilities


You were on level 8 of the Dungeon.
You were a tree.
You visited 2 branches of the dungeon, and saw 10 of its levels.

You collected 519 gold pieces.

Inventory:

Hand Weapons
 x - the +5 short sword of the Grave (weapon) {venom, Will+}
   (You found it on level 4 of the Dungeon)

   Will:      It increases your willpower.
Missiles
 u - a throwing net
Armour
 a - a +0 robe (melded)
 z - a +1 helmet (melded)
 B - a +0 pair of gloves (melded)
Jewellery
 e - an amulet of regeneration (around neck)
 j - a ring of see invisible (left branch)
Wands
 c - a wand of flame (16)
 d - a wand of charming (8)
Scrolls
 i - a scroll of butterflies
 k - a scroll of magic mapping
 o - 2 scrolls of fear
 p - a scroll of enchant weapon
 q - 2 scrolls of silence
 s - a scroll of amnesia {unknown}
 y - a scroll of noise {unknown}
Potions
 b - a potion of magic
 f - 3 potions of might
 h - a potion of degeneration {unknown}
 l - 2 potions of cancellation {unknown}
 m - 2 potions of lignification
 n - a potion of haste
 r - a potion of invisibility {unknown}
 v - a potion of curing {unknown}
 w - a potion of mutation {unknown}
 A - a potion of brilliance {unknown}


   Skills:
 + Level 9.6 Fighting
 - Level 4.0 Dodging
 - Level 2.1 Stealth
 + Level 8.3 Spellcasting
 + Level 10.6 Ice Magic


You had 18 spell levels left.
You knew the following spells:

 Your Spells              Type           Power      Damage    Failure   Level
a - Freeze                Ice            100%       1d10      1%          1
b - Frozen Ramparts       Ice            90%        1d14      1%          3
c - Ozocubu's Armour      Ice            45%        N/A       1%          3

Your spell library contained the following spells:

 Spells                   Type           Power      Damage    Failure   Level
 Apportation              Tloc           14%        N/A       10%         1
 Beastly Appendage        Tmut           14%        N/A       10%         1
 Necrotise                Necr           28%        1d5       10%         1
 Summon Small Mammal      Summ           28%        N/A       10%         1
 Summon Ice Beast         Ice/Summ       26%        N/A       11%         4
 Wereblood                Tmut           7%         N/A       14%         2
 Spider Form              Tmut/Pois      7%         N/A       28%         3


Dungeon Overview and Level Annotations

Branches:
Dungeon (9/15)             Temple (1/1) D:6            Lair (0/5) D:9
    Orc: D:9-12

Altars:
Cheibriados
Dithmenos
Elyvilon
Fedhas
Gozag
Hepliaklqana
Kikubaaqudgha
Makhleb
Okawaru
Qazlal
Ru
Sif Muna
Uskayaw
Wu Jian
Xom
Yredelemnul
Zin
The Shining One

Annotations:
D:2 1 runed translucent door, Crazy Yiuf


Innate Abilities, Weirdness & Mutations

You are a tree.
Your roots penetrate the ground, keeping you stationary.
You cannot be teleported.
You are immune to unholy pain and torment.
Your maximum health is greatly increased.
Your equipment is partially melded.
((You are very nimble when in or above water. (Stealth+, EV+, Speed+++)))
((Your lower body shifts to a powerful aquatic tail in water.))


Message History

A film of ice covers your body! The wight closely misses you. x2
The wight hits you but does no damage.
The wight hits you with a +0 great sword.
* * * LOW HITPOINT WARNING * * *
Unknown command.
Really quaff the potion of lignification?
Okay, then.
Unknown command.
You hit the wight but do no damage.
The wight is moderately damaged.
The wight hits you with a +0 dagger.
* * * LOW HITPOINT WARNING * * *
You feel drained. The wight barely misses you.
Unknown command.
You hit the wight.
The wight is heavily damaged.
The wight closely misses you. The wight barely misses you.
Unknown command.
You closely miss the wight.
The wight is heavily damaged.
The wight hits you but does no damage. The wight barely misses you.
Unknown command.
You hit the wight but do no damage.
The wight is heavily damaged.
The wight hits you but does no damage. The wight misses you.
Unknown command.
You hit the wight but do no damage.
The wight is heavily damaged.
The wight hits you with a +0 dagger.
* * * LOW HITPOINT WARNING * * *
The wight hits you with a +0 great sword.
* * * LOW HITPOINT WARNING * * *
Unknown command.
Really quaff the potion of lignification?
You turn into a tree.
Your +1 helmet melds into your body.
Your +0 pair of gloves melds into your body.
Your +0 robe melds into your body.
Your roots penetrate the ground.
The wight hits you but does no damage.
The wight hits you with a +0 great sword!
You die...

########### ##.........########
...#######........# ### ##.#
#..###...# ##.## ##.#
#...##...###########...# ##.#
#....................... ##.#
#............#.###.....# ...#
#.....z)....###....#..##
##.#######..###.♣z###.#.#.#.....#
))..........# #.).# ##.##.##.....
##.########.# ##### ####.###....
##.########.# #(# ##...
............# #)# #.##
##.########## #.# #.# ...# #.#
#.# ..## ##### #.# #.# #.########
#...# #.####.#


You could see 2 wights.

Vanquished Creatures
  A two-headed ogre (D:9)
  Maggie (D:6)
  2 wyverns
  4 yaks
  3 steam dragons
  Duvessa (D:7)
  2 sky beasts
  4 ice beasts
  3 centaurs
  2 ogres
  A phantom (D:5)
  A kobold brigand (D:7)
  2 bullfrogs
  A scorpion (D:5)
  Dowan (D:7)
  8 wights
  3 killer bees (D:6)
  3 howler monkeys
  4 orc priests
  3 hounds
  2 gnoll boudas
  Jessica (D:2)
  A sleepcap (D:7)
  5 iguanas
  3 orc wizards (D:8)
  Natasha (thrice) (D:2)
  19 gnolls
  6 adders
  2 shadow imps
  A white imp (D:7)
  An ufetubus (D:7)
  2 worms
  2 dart slugs
  16 orcs
  9 endoplasms
  9 goblins
  3 hobgoblins
  3 jackals (D:4)
  5 quokkas
  4 ball pythons
  5 bats
  11 frilled lizards
  8 kobolds
  6 rats
177 creatures vanquished.

Vanquished Creatures (others)
  A jelly (D:8)
1 creature vanquished.

Grand Total: 178 creatures vanquished

Notes
Turn   | Place    | Note
-------+----------+-------------------------------------------
     0 | D:1      | safid the Merfolk Ice Elementalist began the quest for the
                  | Orb.
     0 | D:1      | Reached XP level 1. HP: 13/13 MP: 3/3
   244 | D:1      | Reached XP level 2. HP: 18/20 MP: 3/5
   283 | D:1      | Reached skill level 1 in Fighting
   863 | D:2      | Noticed Natasha
   892 | D:2      | Killed Natasha
   893 | D:2      | Reached XP level 3. HP: 12/27 MP: 0/6
   943 | D:2      | Learned a level 3 spell: Frozen Ramparts
  1149 | D:2      | Reached XP level 4. HP: 29/33 MP: 3/8
  1179 | D:2      | Reached skill level 5 in Ice Magic
  1183 | D:2      | Learned a level 3 spell: Ozocubu's Armour
  1442 | D:2      | Noticed Natasha
  1449 | D:2      | Killed Natasha
  1503 | D:2      | Noticed Jessica
  1520 | D:2      | Killed Jessica
  1521 | D:2      | Reached XP level 5. HP: 37/40 MP: 6/9
  1611 | D:2      | Noticed Natasha
  1619 | D:2      | Killed Natasha
  1707 | D:2      | Found a runed translucent door.
  1708 | D:2      | Noticed Crazy Yiuf
  2317 | D:3      | Found a shadowy altar of Dithmenos.
  3157 | D:4      | Reached XP level 6. HP: 25/47 MP: 6/11
  3310 | D:4      | Found an iron altar of Okawaru.
  3511 | D:4      | Reached skill level 6 in Ice Magic
  3530 | D:4      | Reached XP level 7. HP: 46/54 MP: 1/13
  3743 | D:4      | Found an opulent altar of Gozag.
  3743 | D:4      | Found a blossoming altar of Fedhas.
  3763 | D:4      | Found a sacrificial altar of Ru.
  3765 | D:4      | Found a faded altar of an unknown god.
  3767 | D:4      | Found a glowing golden altar of the Shining One.
  4132 | D:4      | Identified the +5 short sword of the Grave {venom, Will+}
  4268 | D:4      | Found a burning altar of Makhleb.
  4364 | D:5      | Entered Level 5 of the Dungeon
  4407 | D:5      | Reached skill level 5 in Fighting
  4602 | D:5      | Reached skill level 7 in Ice Magic
  4902 | D:5      | Reached skill level 5 in Spellcasting
  4902 | D:5      | Reached XP level 8. HP: 53/62 MP: 8/15
  5092 | D:6      | Found a staircase to the Ecumenical Temple.
  5102 | Temple   | Entered the Ecumenical Temple
  5296 | D:6      | Noticed Maggie
  5312 | D:6      | Killed Maggie
  6236 | D:7      | Noticed a wyvern
  6240 | D:7      | Reached skill level 8 in Ice Magic
  6243 | D:7      | Killed a wyvern
  6244 | D:7      | Reached XP level 9. HP: 34/71 MP: 11/18
  6293 | D:7      | Found a snail-covered altar of Cheibriados.
  6373 | D:7      | Noticed Duvessa
  6375 | D:7      | Noticed Dowan
  6380 | D:7      | Killed Duvessa
  6382 | D:7      | Killed Dowan
  6890 | D:7      | Reached skill level 9 in Ice Magic
  7843 | D:8      | Found a shimmering altar of Xom.
  7876 | D:8      | Reached XP level 10. HP: 65/82 MP: 12/21
  8253 | D:8      | Reached skill level 10 in Ice Magic
  9027 | D:9      | Noticed a two-headed ogre
  9039 | D:9      | Killed a two-headed ogre
  9070 | D:9      | HP: 3/76 [goblin/boomerang (1)]
  9078 | D:8      | HP: 1/75 [wight/+0 great sword (4)]
  9079 | D:8      | Mangled by a wight

Illustrated notes

Levels and vault maps discovered:
D:1:      erik_arrival_triangle_medium, layout_basic
D:2:      layout_basic, minmay_lizard_pond, uniq_jessica,
          uniq_crazy_yiuf_cottage, uniq_natasha
D:3:      layout_loops_corners, grunt_dithmenos_smoke
D:4:      layout_basic, okawaru_trees_2, makhleb_blood_cavern_becter,
          chequers_temple_overflow_minitemple, st_stairs_13
D:5:      layout_cave_pools
D:6:      layout_rooms, minmay_temple_entry_slanted, uniq_maggie
D:7:      layout_loops_corners, lemuel_doored_altar, minmay_manual_monstrance,
          uniq_duvessa
D:8:      layout_loops_ring, lemuel_tele_altar
D:9:      layout_irregular_city, mainiacjoe_overflow_chevrons,
          dpeg_lair_monsters, enter_bailey_5, gammafunk_ghost_grave
Temple:   hellmonk_temple_beads

Skill      XL: |  1  2  3  4  5  6  7  8  9 10 |
---------------+-------------------------------+-----
Fighting       | 1 2 3 4 5 6 8 9 |  9.6
Ice Magic      | 5 6 7 8 9 10 | 10.6
Spellcasting   | 3 4 5 6 7 8 |  8.3
Dodging        | 4 |  4.0
Stealth        | |  2.1

Action                     |  1- 3 |  4- 6 |  7- 9 | 10-12 || total
---------------------------+-------+-------+-------+-------++-------
  Melee: Dagger            |    40 |    18 |       |       ||    58
         Punch             |     1 |     2 |     4 |       ||     7
         Short sword       |       |    69 |   213 |   105 ||   387
   Cast: Freeze            |    32 |    20 |     2 |     8 ||    62
         Frozen Ramparts   |       |     9 |    24 |    14 ||    47
         Ozocubu's Armour  |       |     2 |    24 |    13 ||    39
    Use: Potion            |       |       |     4 |     2 ||     6
         Scroll            |       |       |    11 |     3 ||    14
   Stab: Sleeping          |     3 |     2 |     3 |       ||     8
         Distracted        |       |       |     1 |       ||     1
 Armour: Robe              |     6 |    28 |    47 |    40 ||   121
         Skin              |       |       |     5 |     1 ||     6
  Dodge: Dodged            |    33 |    76 |   129 |    98 ||   336
